 Dungeon Crawl Stone Soup version 0.26.1-15-g04117e645d (webtiles) character file.

Game seed: 4318226319766681755

168 chickendinner the Chopper (level 5, -2/47 HPs)
             Began as a Minotaur Berserker on Sept 11, 2022.
             Was a Believer of Trog.
             Slain by a gnoll
             ... wielding a +0 halberd
              (9 damage)
             ... on level 3 of the Dungeon.
             The game lasted 00:06:30 (2522 turns).

chickendinner the Chopper (Minotaur Berserker)      Turns: 2522, Time: 00:06:31

Health: -2/47      AC: 12    Str: 26    XL:     5   Next: 23%
Magic:  0/4        EV:  8    Int:  4    God:    Trog [**....]
Gold:   145        SH:  0    Dex: 10    Spells: 4/4 levels left

rFire    . . .     SeeInvis .   e - +2 long sword (vorpal)
rCold    . . .     Faith    .   (no shield)
rNeg     . . .     Spirit   +   v - +1 plate armour of Trumpets {rElec Str+4}
rPois    .         Reflect  .   (helmet restricted)
rElec    +         Harm     .   (no cloak)
rCorr    .         Rampage  .   (no gloves)
Will     .....                  (no boots)
Stlth    ..........             w - amulet of guardian spirit
HPRegen  0.15/turn              m - ring of stealth
MPRegen  0.09/turn              (no ring)

@: berserk cooldown, slowed, very slow
A: retaliatory headbutt, horns 2
a: Renounce Religion, Berserk, Trog's Hand


You were on level 3 of the Dungeon.
You worshipped Trog.
Trog was pleased with you.
You visited 1 branch of the dungeon, and saw 3 of its levels.

You collected 145 gold pieces.

Inventory:

Hand Weapons
 a - a +0 hand axe
 e - a +2 vorpal long sword (weapon)
Armour
 b - a +0 animal skin
 k - a +0 scale mail
 l - a +0 chain mail
 v - the +1 plate armour of Trumpets (worn) {rElec Str+4}
   (You found it on level 2 of the Dungeon)

   It affects your strength (+4).
   It insulates you from electricity.
Jewellery
 m - a ring of stealth (left hand)
 s - a cursed ring of teleportation
 w - an amulet of guardian spirit (around neck)
Wands
 q - a wand of flame (8)
Scrolls
 c - a scroll of fear {unknown}
 d - 2 scrolls of amnesia
 g - a scroll of fog {unknown}
 i - 3 scrolls of remove curse
 o - a scroll of immolation {unknown}
 t - 2 scrolls of enchant armour {unknown}
 u - a scroll of noise {unknown}
 y - a scroll of identify
Potions
 f - 2 potions of curing {unknown}
 h - 3 potions of lignification {unknown}
 j - a potion of degeneration {unknown}
 n - 2 potions of magic {unknown}
 p - a potion of berserk rage {unknown}
 r - 2 potions of brilliance {unknown}
 x - a potion of resistance {unknown}


   Skills:
 + Level 4.7 Fighting
 + Level 1.3 Long Blades
 + Level 5.0 Axes
 + Level 4.0 Armour
 + Level 2.6 Dodging
 + Level 0.1 Stealth


You had 4 spell levels left.
You didn't know any spells.
Your spell library was empty.

Dungeon Overview and Level Annotations

Branches:
Dungeon (3/15)

Altars:
Elyvilon
Trog
Wu Jian
Xom


Innate Abilities, Weirdness & Mutations

You reflexively headbutt those who attack you in melee.
You have a pair of horns on your head.


Message History

The gnoll barely misses you. You furiously retaliate!
You headbutt the gnoll!!
You kill the gnoll!
Trog accepts your kill. The gnoll barely misses you.
Your Armour skill increases to level 4!
The gnoll hits you but does no damage.
You hit the gnoll.
The gnoll is moderately wounded.
The gnoll hits you with a +0 halberd.
* * * LOW HITPOINT WARNING * * *
The gnoll barely misses you. You furiously retaliate!
You headbutt the gnoll, but do no damage.
You closely miss the gnoll.
The gnoll is moderately wounded.
The gnoll hits you with a +0 halberd.
* * * LOW HITPOINT WARNING * * *
You hit the gnoll but do no damage.
The gnoll is moderately wounded.
The gnoll hits you with a +0 halberd!
You die...

.. ..# . #... g
#...####. ...... #.
...# ..####.# ##g####
.........# #..@†)#
.........##
#.###)......
.........###.#####.....
#...#............# ....
#................# ...
#...##.............. ..
#...##...........##. .
#....#...........#
#............(...#


You could see a gnoll.

Vanquished Creatures
  A gnoll sergeant (D:3)
  3 gnolls (D:3)
  2 adders
  An ooze (D:1)
  2 worms (D:2)
  A dart slug (D:2)
  A leopard gecko (D:1)
  2 giant cockroaches
  5 goblins
  8 hobgoblins
  8 kobolds
  7 bats
  5 frilled lizards
  3 rats
49 creatures vanquished.

Vanquished Creatures (others)
  33 plants (D:3)
33 creatures vanquished.

Grand Total: 82 creatures vanquished

Notes
Turn   | Place    | Note
-------+----------+-------------------------------------------
     0 | D:1      | chickendinner the Minotaur Berserker began the quest for
                  | the Orb.
     0 | D:1      | Reached XP level 1. HP: 19/19 MP: 0/0
    94 | D:1      | Reached XP level 2. HP: 27/27 MP: 1/1
   262 | D:1      | Reached skill level 4 in Axes
   939 | D:1      | Reached ** piety under Trog
   985 | D:2      | Found a white marble altar of Elyvilon.
   988 | D:2      | Reached XP level 3. HP: 31/33 MP: 2/2
  1246 | D:2      | Found a bloodstained altar of Trog.
  1812 | D:2      | Found an ornate altar of the Wu Jian Council.
  2060 | D:2      | Got a scorched plate armour
  2063 | D:2      | Identified the cursed +1 plate armour of Trumpets {rElec
                  | Str+4} (You found it on level 2 of the Dungeon)
  2329 | D:3      | Reached XP level 4. HP: 32/41 MP: 3/3
  2429 | D:3      | Found a shimmering altar of Xom.
  2477 | D:3      | Found a shimmering altar of Xom.
  2499 | D:3      | Noticed a gnoll sergeant
  2507 | D:3      | Killed a gnoll sergeant
  2508 | D:3      | Reached skill level 5 in Axes
  2508 | D:3      | Reached XP level 5. HP: 47/47 MP: 2/4
  2516 | D:3      | Reached skill level 1 in Long Blades
  2522 | D:3      | Slain by a gnoll

Illustrated notes

Levels and vault maps discovered:
D:1:      dpeg_arrival_rooms_a, layout_loops_corners,
          wander_ebering_terrifying_dragon_lair
D:2:      layout_basic, lemuel_round_altar, lemuel_doored_altar, st_stairs_4,
          minivault_5, elyvilon_altar_5
D:3:      layout_rooms, xom_redecorated, serial_bayou_lagoon_a

Skill      XL: |  1  2  3  4  5 |
---------------+----------------+-----
Fighting       | 4 |  4.7
Axes           | 4 5 |  5.0
Armour         | 3 4 |  4.0
Long Blades    | 1 |  1.3
Dodging        | |  2.6
Stealth        | |  0.1

Action                   |  1- 3 |  4- 6 || total
-------------------------+-------+-------++-------
Melee: Hand axe          |    91 |       ||    91
       Headbutt          |    14 |     5 ||    19
       Long sword        |       |    27 ||    27
Invok: Berserk           |       |     1 ||     1
  Use: Scroll            |     6 |       ||     6
Armor: Scale mail        |    15 |       ||    15
       Animal skin       |     2 |       ||     2
       Plate armour      |     2 |    34 ||    36
Dodge: Dodged            |    48 |    20 ||    68
       Rpst.: Long sword |       |     2 ||     2
